cohdb
Replays
Latest Replays
All Replays
Popular Replays
Top Player Replays
Match Explorer
How It Works
Community
CoH3 Stats
Reddit
Sign in to upload your games and track your stats! →
Sign in with Steam
Match 41786808
Unlisted
Match 41786808
Overview
Messages
Build Orders
End
Construct Infanterie Kompanie
Selects Breakthrough Battlegroup
MG 42 Machine Gun Team
Grenadier Squad
Grenadier Squad
Selects Assault Grenadiers
Construct Luftwaffe Kompanie
Jäger Squad
Construct Panzer Kompanie
MG 42 Machine Gun Team
Panzer IV Medium Tank
Selects Rapid Production
Selects Smoke Bombing Run
Selects Smoke Bombing Run
Smoke Bombing Run
Panzer IV Medium Tank
Selects Incendiary Bombing Run
Jäger Squad
Pioneer Squad
Incendiary Bombing Run
Selects Blitzkrieg
Selects Blitzkrieg
Panzer IV Medium Tank
Pioneer Squad
Incendiary Bombing Run
Selects Panzer IV Command Tank Sd.Kfz. 161/1
Panzer IV Command Tank
Side Skirts
Blitzkrieg
Pioneer Squad
Pioneer Squad
Incendiary Bombing Run
Panzer IV Medium Tank
Jäger Squad
Incendiary Bombing Run
Panzer IV Medium Tank
Smoke Bombing Run
Panzer IV Medium Tank
Pioneer Squad
Jäger Squad
Jäger Squad
Panzer IV Medium Tank
I.S.M.A.I.L
shor
✠KREUZZUG✠
Mael Radec
Sgannarel
Colonel Phreeze
John Mortar
NigelThornberry
0
0
Comments
sign in to comment!
No comments posted yet!